 Dungeon Crawl Stone Soup version 0.30-a0-304-gdc4b735fe1 (webtiles) character file.

Game seed: 13607547562584918194

65097 KennySheep the Fighter (level 15, -7/162 HPs)
             Began as an Ogre Wanderer on Oct 20, 2022.
             Was a High Priest of Sif Muna.
             Mangled by a dire elephant simulacrum (32 damage)
             ... in an ice cave.
             The game lasted 01:39:18 (19013 turns).

KennySheep the Fighter (Ogre Wanderer)             Turns: 19013, Time: 01:39:18

Health: -7/162     AC: 13    Str: 18    XL:     15   Next: 15%
Magic:  30/30      EV: 10    Int: 22    God:    Sif Muna [*****.]
Gold:   2466       SH:  0    Dex:  7    Spells: 1/37 levels left

rFire   . . .      SeeInvis .      - Unarmed
rCold   . . .      Faith    .    (shield currently unavailable)
rNeg    . . .      Spirit   .    P - +0 troll leather armour
rPois   .          Reflect  .    (helmet restricted)
rElec   .          Harm     .    (no cloak)
rCorr   .          Rampage  .    (gloves unavailable)
Will    ++...                    (boots unavailable)
Stlth   +.........               E - amulet of regeneration
HPRegen 2.07/turn                T - +4 ring of protection
MPRegen 0.22/turn                G - +4 ring of protection

@: blade hands (expiring), slowed, invisible, very slow
A: large, unfitting armour, tough skin 1, strong-willed 1, sense surroundings 1
a: End Transformation, Renounce Religion, Channel Magic, Forget Spell, Divine
Exegesis


You were in an ice cave.
You worshipped Sif Muna.
Sif Muna was extremely pleased with you.
You had blades for hands.
You visited 3 branches of the dungeon, and saw 20 of its levels.
You also visited: Ice Cave.

You collected 2466 gold pieces.

Inventory:

Hand Weapons
 b - the +11 hand axe "Qeetam" {vorpal, Drain Str+4}
   (You found it on level 3 of the Dungeon)

   It inflicts extra damage upon your enemies.
   Str:       It affects your strength (+4).
   Drain:     It drains your maximum health when unequipped.
 q - a +1 spectral club
 s - a +0 club
Missiles
 x - 2 throwing nets
Armour
 c - a +0 robe
 P - a +0 troll leather armour (worn)
Magical Staves
 a - a staff of cold (melded)
Jewellery
 y - an amulet of reflection
 E - an amulet of regeneration (around neck)
 G - a +4 ring of protection (right blade hand)
 L - a ring of see invisible
 S - a ring of flight
 T - a +4 ring of protection (left blade hand)
Wands
 o - a wand of quicksilver (19)
 D - a wand of iceblast (28)
 F - a wand of polymorph (20)
 H - a wand of flame (44)
 J - a wand of digging (5)
 Q - a wand of paralysis (11)
 V - a wand of mindburst (10)
Scrolls
 e - 2 scrolls of silence
 f - 2 scrolls of brand weapon
 h - 5 scrolls of enchant armour
 i - 3 scrolls of vulnerability
 j - a scroll of butterflies
 k - 2 scrolls of amnesia
 l - 7 scrolls of fear
 m - a scroll of summoning
 r - 3 scrolls of poison
 t - 4 scrolls of blinking
 C - a scroll of torment
 I - 4 scrolls of teleportation
 K - a scroll of noise
 R - a scroll of identify
Potions
 d - 5 potions of attraction
 g - 3 potions of lignification
 n - 2 potions of cancellation
 p - 3 potions of brilliance
 u - 2 potions of heal wounds
 v - 4 potions of mutation
 w - 5 potions of flight
 z - 4 potions of curing
 A - 2 potions of ambrosia
 M - a potion of resistance {unknown}
 N - a potion of invisibility
 O - 2 potions of haste
 W - a potion of might
 Y - 3 potions of berserk rage
Miscellaneous
 U - a phantom mirror


   Skills:
 + Level 13.7 Fighting
 + Level 7.3 Dodging
 * Level 12.1 Unarmed Combat
 + Level 11.5 Spellcasting
 - Level 4.7 Conjurations
 * Level 10.8 Transmutations
 - Level 8.7 Ice Magic
 - Level 6.6 Invocations
 - Level 1.0 Evocations


You had one spell level left.
You knew the following spells:

 Your Spells              Type           Power      Damage    Failure   Level
a - Freeze                Ice            100%       1d10      8%          1
b - Ice Form              Ice/Tmut       54%        N/A       16%         4
c - Ozocubu's Armour      Ice            51%        N/A       12%         3
d - Irradiate             Conj/Tmut      23%        3d19      38%         5
e - Dragon Form           Tmut           28%        N/A       88%         7
f - Dragon's Call         Summ           6%         N/A       100%        9
g - Wereblood             Tmut           57%        N/A       7%          2
z - Blade Hands           Tmut           28%        N/A       21%         5

Your spell library contained the following spells:

 Spells                   Type           Power      Damage    Failure   Level
 Beastly Appendage        Tmut           100%       N/A       6%          1
 Magic Dart               Conj           100%       1d8       14%         1
 Kiss of Death            Conj/Necr      92%        2d12      22%         1
 Apportation              Tloc           24%        N/A       36%         1
 Slow                     Hex            48%        N/A       36%         1
 Spider Form              Tmut/Pois      36%        N/A       21%         3
 Ignite Poison            Fire/Tmut/Pois 28%        N/A       30%         3
 Call Imp                 Summ           12%        N/A       45%         2
 Cigotuvi's Dreadful Rot  Necr/Pois/Air  24%        N/A       45%         2
 Scorch                   Fire           24%        2d6       45%         2
 Sublimation of Blood     Necr           12%        N/A       45%         2
 Mephitic Cloud           Conj/Pois/Air  19%        N/A       45%         3
 Summon Ice Beast         Ice/Summ       32%        N/A       45%         4
 Confusing Touch          Hex            12%        N/A       61%         3
 Summon Guardian Golem    Hex/Summ       12%        N/A       61%         3
 Alistair's Intoxication  Tmut/Pois      24%        N/A       61%         5
 Flame Wave               Conj/Fire      23%        2d8       65%         4
 Metabolic Englaciation   Hex/Ice        16%        N/A       71%         5
 Dispel Undead            Necr           12%        3d9       88%         4
 Leda's Liquefaction      Hex/Erth       6%         N/A       88%         4
 Summon Lightning Spire   Summ/Air       12%        N/A       88%         4
 Simulacrum               Ice/Necr       16%        N/A       98%         6
 Agony                    Necr           12%        N/A       99%         5
 Death Channel            Necr           6%         N/A       100%        6
 Summon Cactus Giant      Summ           6%         N/A       100%        6
 Orb of Destruction       Conj           16%        9d7       100%        7
 Spellforged Servitor     Conj/Summ      11%        N/A       100%        7
 Storm Form               Tmut/Air       18%        N/A       100%        7
 Summon Hydra             Summ           6%         N/A       100%        7
 Maxwell's Capacitive Co  Air            6%         ∞         100%        8


Dungeon Overview and Level Annotations

Branches:
Dungeon (14/15)            Temple (0/1) D:4            Lair (5/5) D:10
 Shoals (0/4) Lair:3        Snake (0/4) Lair:2        Slime (0/5) Lair:5
    Orc (1/2) D:11         Vaults (0/5) D:13          IceCv (1/1)

Altars:
Ashenzari
Dithmenos
Elyvilon
Gozag
Kikubaaqudgha
Makhleb
Nemelex Xobeh
Qazlal
Ru
Sif Muna
Trog
Vehumet
Xom
Yredelemnul
The Shining One
Jiyva

Shops:
D:1 (   D:11 (

Annotations:
D:5 1 runed translucent door, Crazy Yiuf
Lair:5 exclusion: oklob plant


Innate Abilities, Weirdness & Mutations

You have blades for hands.
Your spellcasting is less reliable in this form.
You are incapable of wielding weapons or throwing items.
You are too large for most types of armour.
You have tough skin. (AC +1)
You are strong-willed. (Will+)
You passively map a small area around you.


Message History

The freezing wraith is lightly damaged.
The freezing wraith hits you. The freezing wraith freezes you!
The freezing wraith misses you.
You barely miss the freezing wraith.
The freezing wraith is lightly damaged.
The freezing wraith hits you. The freezing wraith freezes you!
The freezing wraith hits you. The freezing wraith drains your vigour!
You feel as though you will be slow longer.
You hit the freezing wraith. Your slash misses the freezing wraith.
The freezing wraith is lightly damaged.
The freezing wraith hits you but does no damage. x2
You slice the freezing wraith!! You slash the freezing wraith!
The freezing wraith is almost destroyed.
Your transformation is almost over.
The dire elephant simulacrum tramples you!
* * * LOW HITPOINT WARNING * * *
You stumble backwards!
You barely miss the freezing wraith.
The freezing wraith is almost destroyed.
The freezing wraith hits you.
* * * LOW HITPOINT WARNING * * *
The freezing wraith freezes you!
* * * LOW HITPOINT WARNING * * *
The freezing wraith hits you but does no damage.
You slash the freezing wraith!
You destroy the freezing wraith!
Sif Muna accepts your kill.
You slash the dire elephant simulacrum!
The dire elephant simulacrum is moderately damaged.
The dire elephant simulacrum tramples you!!
* * * LOW HITPOINT WARNING * * *
You stumble backwards!
You feel much better.
The dire elephant simulacrum tramples you!!
* * * LOW HITPOINT WARNING * * *
You hold your ground!
The dire elephant simulacrum trunk-slaps you.
* * * LOW HITPOINT WARNING * * *
The dire elephant simulacrum freezes you!!
You die...

* , #### *
##..##
###....##
,...##.......#
,
#.......Z.∩.#
,
##.......@..#
, ##..##....##
## ##..## ,
#### * *


You could see a dire elephant simulacrum (unable to see you).

Vanquished Creatures
  Kirke (Lair:4)
  A hydra (D:13)
  5 vault guards (D:13)
  An ogre mage (D:13)
  3 catoblepae (Lair:5)
  2 centaur warriors
  A boulder beetle (Lair:5)
  6 two-headed ogres
  14 death yaks
  A tengu warrior (D:14)
  Urug (Lair:2)
  A wizard (D:12)
  A deep elf archer (D:13)
  Pikel (D:8)
  A deep elf pyromancer (D:12)
  2 orc sorcerers (D:13)
  An ugly thing (D:12)
  2 cyclopes
  2 manticores (Lair:5)
  Maurice (D:13)
  A merfolk siren (Lair:3)
  Joseph (Lair:1)
  4 black mambas
  10 cane toads
  10 elephants
  2 unseen horrors
  3 gargoyles (D:13)
  3 torpor snails
  A kobold demonologist (D:12)
  3 rime drakes
  An efreet (D:13)
  2 freezing wraiths (IceCv)
  A hellwing (D:9)
  10 komodo dragons
  A red devil (D:9)
  3 trolls
  A merfolk (Lair:3)
  2 hornets (Orc:1)
  Grinder (D:3)
  22 blink frogs
  7 dream sheep
  3 wraiths
  Sigmund (D:2)
  A vampire (D:13)
  31 yaks
  3 wyverns
  6 hogs
  2 basilisks
  Edmund (D:6)
  2 steam dragons
  9 vampire mosquitoes
  A harpy simulacrum (IceCv)
  10 water moccasins
  A floating eye (Orc:1)
  A sky beast (D:8)
  6 orc warriors
  2 ice beasts (D:7)
  A black bear (D:10)
  6 wolves (Lair:1)
  6 ogres
  A lemure (D:8)
  5 centaurs
  A phantom (D:4)
  Blork the orc (D:5)
  5 kobold brigands
  13 bullfrogs
  5 scorpions
  13 wights
  3 killer bees (D:8)
  3 electric eels
  2 howler monkeys
  A jelly (D:6)
  2 quasits (D:9)
  7 hounds
  9 orc priests
  2 gnoll boudas
  Jessica (D:2)
  Terence (D:2)
  3 iguanas
  8 orc wizards
  Ijyb (D:5)
  8 gnolls
  7 adders
  A shadow imp (D:7)
  3 ufetubi
  A worm (D:4)
  3 dart slugs
  24 orcs
  9 ball pythons
  4 bats
  8 endoplasms
  6 giant cockroaches
  9 goblins
  3 hobgoblins
  8 jackals
  5 quokkas
  2 frilled lizards
  18 kobolds
  5 rats
441 creatures vanquished.

Vanquished Creatures (collateral kills)
  A deep elf pyromancer (D:12)
  2 orc sorcerers (Orc:1)
  A hornet (Orc:1)
4 creatures vanquished.

Vanquished Creatures (others)
  A vampire mosquito (D:13)
  2 demonic plants (D:9)
  19 fungi
  35 plants
57 creatures vanquished.

Grand Total: 502 creatures vanquished

Notes
Turn   | Place    | Note
-------+----------+-------------------------------------------
     0 | D:1      | KennySheep the Ogre Wanderer began the quest for the Orb.
     0 | D:1      | KennySheep set off with the following items: a +0 club, a
                  | scroll of blinking, a +0 robe, 2 potions of attraction; and
                  | the following spell memorised: Freeze; and the following
                  | spells available to memorise: Ozocubu's Armour, Ice Form.
     0 | D:1      | Reached XP level 1. HP: 22/22 MP: 3/3
   222 | D:1      | Reached XP level 2. HP: 29/29 MP: 2/5
   382 | D:1      | Reached skill level 3 in Fighting
   615 | D:1      | Found Ycvairch's Weapon Shop.
   746 | D:2      | Reached XP level 3. HP: 33/37 MP: 2/7
   860 | D:2      | Reached skill level 1 in Transmutations
   974 | D:2      | Noticed Sigmund
  1205 | D:2      | Killed Sigmund
  1206 | D:2      | Reached skill level 1 in Unarmed Combat
  1206 | D:2      | Reached skill level 5 in Ice Magic
  1206 | D:2      | Reached XP level 4. HP: 34/48 MP: 0/9
  1206 | D:2      | Reached XP level 5. HP: 39/54 MP: 0/10
  1210 | D:2      | Learned a level 3 spell: Ozocubu's Armour
  1433 | D:2      | Noticed Jessica
  1441 | D:2      | Killed Jessica
  1442 | D:2      | Reached skill level 4 in Fighting
  1442 | D:2      | Reached XP level 6. HP: 31/62 MP: 7/11
  1679 | D:2      | Found a shadowy altar of Dithmenos.
  2252 | D:2      | Noticed Terence
  2258 | D:2      | Killed Terence
  2382 | D:3      | Identified the +11 hand axe "Qeetam" {vorpal, Drain Str+4}
  2401 | D:3      | Learned a level 4 spell: Ice Form
  2491 | D:3      | Found a shimmering blue altar of Sif Muna.
  2498 | D:3      | Became a worshipper of Sif Muna the Loreminder
  2604 | D:3      | Found a sparkling altar of Nemelex Xobeh.
  3017 | D:3      | Found a radiant altar of Vehumet.
  3096 | D:3      | Found a shimmering altar of Xom.
  3098 | D:3      | Reached * piety under Sif Muna
  3200 | D:3      | Gained mutation: Your body sometimes deteriorates upon
                  | taking damage. [potion of mutation]
  3200 | D:3      | Gained mutation: You have a pair of small horns on your
                  | head. [potion of mutation]
  3220 | D:3      | Noticed Grinder
  3231 | D:3      | Killed Grinder
  3232 | D:3      | Reached skill level 1 in Invocations
  3232 | D:3      | Reached XP level 7. HP: 71/71 MP: 5/13
  3816 | D:4      | Found an opulent altar of Gozag.
  3820 | D:4      | Found an opulent altar of Gozag.
  3820 | D:4      | Found an opulent altar of Gozag.
  3843 | D:4      | Reached skill level 5 in Fighting
  3855 | D:4      | Found an opulent altar of Gozag.
  4061 | D:4      | Found a staircase to the Ecumenical Temple.
  4394 | D:5      | Entered Level 5 of the Dungeon
  4396 | D:5      | Noticed Blork the orc
  4403 | D:5      | Killed Blork the orc
  4403 | D:5      | Reached ** piety under Sif Muna
  4408 | D:5      | Reached XP level 8. HP: 76/80 MP: 10/14
  4725 | D:5      | Found a burning altar of Makhleb.
  4844 | D:5      | Noticed Ijyb
  4849 | D:5      | Killed Ijyb
  5374 | D:5      | Found a runed translucent door.
  5375 | D:5      | Noticed Crazy Yiuf
  5754 | D:6      | Reached skill level 6 in Fighting
  5966 | D:6      | Found a glowing golden altar of the Shining One.
  6009 | D:6      | Found a sacrificial altar of Ru.
  6024 | D:6      | Found a white marble altar of Elyvilon.
  6097 | D:6      | Identified the +8 flail "Qaxaprymm" {vamp, rC+}
  6183 | D:6      | Noticed Edmund
  6188 | D:6      | Reached skill level 5 in Spellcasting
  6207 | D:6      | Killed Edmund
  6574 | D:7      | Reached XP level 9. HP: 85/89 MP: 12/16
  7436 | D:8      | Reached skill level 7 in Fighting
  7545 | D:8      | Found a basalt altar of Yredelemnul.
  7558 | D:8      | Reached skill level 5 in Transmutations
  7596 | D:8      | Found a shadowy altar of Dithmenos.
  7873 | D:8      | Noticed Pikel
  7883 | D:8      | Killed Pikel
  7884 | D:8      | Reached skill level 5 in Invocations
  7884 | D:8      | Reached XP level 10. HP: 104/104 MP: 12/19
  7968 | D:8      | Reached *** piety under Sif Muna
  8322 | D:9      | Found a stormy altar of Qazlal.
  8386 | D:9      | Reached skill level 8 in Fighting
  8386 | D:9      | Reached skill level 5 in Unarmed Combat
  8439 | D:9      | Noticed a centaur warrior
  8449 | D:9      | Killed a centaur warrior
  8522 | D:9      | Found an ancient bone altar of Kikubaaqudgha.
  8827 | D:9      | You fall into a shaft and drop 2 floors!
  8944 | D:11     | Noticed a cyclops
  8944 | D:11     | Noticed a two-headed ogre
  8969 | D:11     | Killed a cyclops
  8974 | D:11     | Killed a two-headed ogre
  9050 | D:11     | Found Jifinamm's Hydra Hut.
  9050 | D:11     | Noticed a seven-headed hydra
  9067 | D:11     | Identified the +1 robe of Hopscotch {+Inv rF- rN++}
  9076 | D:11     | Reached XP level 11. HP: 109/113 MP: 17/22
  9142 | D:11     | Reached skill level 9 in Fighting
  9169 | D:11     | Reached **** piety under Sif Muna
  9510 | D:11     | Found a staircase to the Orcish Mines.
  9904 | Orc:1    | Entered Level 1 of the Orcish Mines
 10176 | Orc:1    | Paralysed by a floating eye for 4 turns
 10183 | Orc:1    | Paralysed by a floating eye for 3 turns
 10187 | Orc:1    | Reached skill level 1 in Dodging
 10189 | Orc:1    | Noticed an orc sorcerer
 10189 | Orc:1    | Noticed an orc sorcerer
 10191 | Orc:1    | Killed an orc sorcerer
 10192 | Orc:1    | Noticed an orc sorcerer
 10193 | Orc:1    | Noticed an ogre mage
 10193 | Orc:1    | Killed an orc sorcerer
 10194 | Orc:1    | Noticed an orc sorcerer
 10204 | Orc:1    | Paralysed by a hornet for 2 turns
 10474 | D:12     | Noticed a deep elf pyromancer
 10492 | D:12     | Killed a deep elf pyromancer
 10618 | D:10     | Entered Level 10 of the Dungeon
 10777 | D:10     | Found a bloodstained altar of Trog.
 10777 | D:10     | Found a broken altar of Ashenzari.
 10959 | D:10     | Lost mutation: You have a pair of small horns on your head.
                  | [potion of mutation]
 10959 | D:10     | Lost mutation: Your body sometimes deteriorates upon taking
                  | damage. [potion of mutation]
 10959 | D:10     | Gained mutation: You passively map a small area around you.
                  | [potion of mutation]
 10959 | D:10     | Gained mutation: You are strong-willed. (Will+) [potion of
                  | mutation]
 11088 | D:10     | Found a staircase to the Lair.
 11583 | Lair:1   | Entered Level 1 of the Lair of Beasts
 11600 | Lair:1   | Reached skill level 10 in Fighting
 11778 | Lair:1   | Reached XP level 12. HP: 126/126 MP: 20/24
 11820 | Lair:1   | Noticed Joseph
 11831 | Lair:1   | Killed Joseph
 11844 | Lair:1   | Reached ***** piety under Sif Muna
 11877 | Lair:1   | Received a gift from Sif Muna
 12976 | Lair:2   | Reached skill level 11 in Fighting
 13053 | Lair:2   | Noticed a death yak
 13085 | Lair:2   | Killed a death yak
 13397 | Lair:2   | Noticed Urug
 13414 | Lair:2   | Killed Urug
 13452 | Lair:2   | Found a staircase to the Snake Pit.
 13476 | Lair:2   | Identified the +1 robe of the Loving Gods {rElec rPois}
 13879 | Lair:3   | Reached XP level 13. HP: 137/137 MP: 21/26
 14055 | Lair:3   | Received a gift from Sif Muna
 14056 | Lair:3   | Got Sif Muna's Codex of Altered Evil Mysteries {god gift}
 14063 | Lair:3   | Learned a level 5 spell: Blade Hands
 14069 | Lair:3   | Learned a level 5 spell: Irradiate
 14270 | Lair:3   | Reached skill level 1 in Conjurations
 14452 | Lair:3   | Found a staircase to the Shoals.
 14726 | Lair:4   | Reached skill level 5 in Dodging
 14872 | Lair:4   | Noticed Kirke
 14972 | Lair:4   | Reached skill level 10 in Spellcasting
 15033 | Lair:4   | Reached skill level 10 in Unarmed Combat
 15087 | Lair:4   | Reached skill level 12 in Fighting
 15282 | Lair:4   | Killed Kirke
 15456 | Lair:4   | Identified the +3 rapier "Duomant" {pain, rF+ rCorr Int+4}
 15604 | Lair:4   | You fall into a shaft and drop 1 floor!
 15604 | Lair:5   | Entered Level 5 of the Lair of Beasts
 15797 | Lair:5   | Reached XP level 14. HP: 150/150 MP: 28/28
 15925 | Lair:5   | Identified the +0 robe of Untold Secrets {Dex+2}
 16105 | Lair:5   | Reached skill level 10 in Transmutations
 16270 | Lair:5   | Found a viscous altar of Jiyva.
 16275 | Lair:5   | Found a staircase to the Slime Pits.
 16711 | Lair:5   | Identified a scroll of acquirement
 16713 | Lair:5   | Acquired 725 gold pieces
 16856 | Lair:5   | Reached skill level 13 in Fighting
 18057 | D:12     | Upgraded the game from 0.30-a0-297-g0ec75d9ef4 to
                  | 0.30-a0-304-gdc4b735fe1
 18149 | D:13     | Received a gift from Sif Muna
 18150 | D:13     | Got Sif Muna's Volume of Supportive Bewitchment {god gift}
 18218 | D:13     | Learned a level 7 spell: Dragon Form
 18228 | D:13     | Learned a level 9 spell: Dragon's Call
 18384 | D:13     | Identified the +3 ring mail "Uruyxt" {rC+}
 18512 | D:13     | Noticed Maurice
 18520 | D:13     | Killed Maurice
 18734 | D:13     | Reached XP level 15. HP: 138/161 MP: 24/30
 18798 | D:13     | Learned a level 2 spell: Wereblood
 18823 | D:13     | Found a gate to the Vaults.
 18994 | D:14     | Found a frozen archway.
 18999 | IceCv    | Entered an ice cave
 19013 | IceCv    | Mangled by a dire elephant simulacrum

Illustrated notes

Levels and vault maps discovered:
D:1:      dpeg_arrival_renting, layout_basic, serial_shops, shop
D:2:      layout_loops_corners, basic_altar, amethyst_killhole, minivault_27,
          st_stairs_2, uniq_jessica, uniq_terence, uniq_sigmund
D:3:      layout_basic, tgw_xom, nemelex_dance_club_becter,
          mainiacjoe_overflow_brackets, lemuel_round_altar, serial_bayou_pond_d,
          uniq_grinder
D:4:      layout_basic, nicolae_gozag_conspicuous_consumption,
          minmay_temple_entry_waves, minmay_tree_intersection
D:5:      layout_loops_ring, makhleb_heckhound_becter, uniq_ijyb,
          uniq_blork_the_orc, uniq_crazy_yiuf_cottage
D:6:      layout_basic, nicolae_ru_path_of_blood, kennysheep_mini_moat,
          tso_altar, uniq_edmund
D:7:      layout_loops_ring, amcnicky_mini_pool_medium
D:8:      layout_rooms, mainiacjoe_overflow_surrounded_room,
          lemuel_doored_altar, uniq_pikel
D:9:      layout_irregular_city, overflow_temple_1_default,
          kiku_gazebo_pond_becter, serial_demonic, serial_demonic_c,
          serial_demonic_c, serial_demonic_e, serial_demonic_e
D:10:     layout_rooms, chequers_temple_overflow_statue_of_worship,
          grunt_lair_entry_orc_guard_hut
D:11:     layout_basic, orc_0_dummy, minmay_misc_feat_chi,
          doesnt_shop_hydraphobe
D:12:     layout_stronghold, nicolae_concentric_dashed_squares_wild
D:13:     layout_roguey, grunt_vaults_entry_fortified, hangedman_ranch,
          uniq_maurice
D:14:     layout_long_grid, bh_walls_and_bars, portal_ice_cave_entry_pillars_1,
          blue_anna_alchemist
Lair:1:   layout_small_grid, grunt_megastairs_3, uniq_joseph
Lair:2:   layout_long_grid, dummy_snake_entry, grunt_forest_stairs_basic,
          uniq_urug
Lair:3:   layout_cave_pods, elwin_shoals_entry_rooms
Lair:4:   layout_concentric_octagons, st_stairs_11,
          chequers_serial_rivers_room_a, dreamdust_deal_with_the_devil, pond,
          lemuel_fruit_tree, uniq_kirke
Lair:5:   evilmike_catoblepas_cave, layout_regular_city, slime_entry_1,
          minmay_lair_oklob_items, infiniplex_staircase_pool_2
Orc:1:    hellmonk_paralyzer, layout_caves
IceCv:    ice_cave_small_necro

Skill      XL: |  1  2  3  4  5  6  7  8  9 10 11 12 13 14 15 |
---------------+----------------------------------------------+-----
Fighting       | 3 4 5 6 7 8 10 11 12 13 | 13.7
Transmutations | 1 2 3 5 7 8 9 10 | 10.8
Unarmed Combat | 1 2 3 4 5 7 9 10 11 12 | 12.1
Spellcasting   | 3 4 5 6 7 8 9 10 11 | 11.5
Ice Magic      | 5 6 7 8 |  8.7
Invocations    | 1 2 3 5 6 |  6.6
Dodging        | 2 4 5 7 |  7.3
Conjurations   | 3 4 |  4.7
Evocations     | |  1.0

Action                   |  1- 3 |  4- 6 |  7- 9 | 10-12 | 13-15 || total
-------------------------+-------+-------+-------+-------+-------++-------
Melee: Club              |    15 |    32 |       |       |       ||    47
       Unarmed           |       |     5 |   212 |   513 |   598 ||  1328
       Punch             |       |     1 |     1 |       |    10 ||    12
       Staff             |       |       |    14 |    30 |     7 ||    51
       Headbutt          |       |       |     1 |     4 |       ||     5
 Cast: Freeze            |    43 |    63 |    36 |    19 |     7 ||   168
       Ozocubu's Armour  |       |     3 |     5 |    18 |    10 ||    36
       Ice Form          |       |     1 |    24 |    34 |    30 ||    89
       Irradiate         |       |       |       |       |     2 ||     2
       Blade Hands       |       |       |       |       |    11 ||    11
 Abil: End Transformatio |       |       |       |     1 |       ||     1
Evoke: Wand              |       |       |       |     1 |       ||     1
  Use: Potion            |     4 |     1 |     3 |     1 |     4 ||    13
       Scroll            |       |     2 |    10 |     8 |     7 ||    27
 Stab: Invisible         |       |       |       |       |     2 ||     2
Armor: Robe              |    13 |    23 |    25 |     2 |       ||    63
       Skin              |    17 |       |   108 |   406 |   311 ||   842
       Troll leather arm |       |       |       |    37 |    66 ||   103
Dodge: Dodged            |    30 |    42 |   149 |   342 |   318 ||   881

Table legend: (Time is in decaauts)
 A = Elapsed time spent in this place.
 B = Non-inter-level travel time spent in this place.
 C = Inter-level travel time spent in this place.
 D = Time resting spent in this place.
 E = Time spent auto-exploring this place.
 F = Levels seen in this place.
 G = Mean time per level.
                   A        B        C        D        E       F      G
               +--------+--------+--------+--------+--------+-----+--------+
         Total |  18898 |  18079 |    819 |   1503 |  12753 |  21 |  899.9 |
       Dungeon |  13217 |  12619 |    598 |   1134 |   9121 |  14 |  944.1 |
          Lair |   5346 |   5126 |    220 |    316 |   3482 |   5 | 1069.2 |
  Orcish Mines |    321 |    321 |      0 |     53 |    150 |   1 |  321.0 |
      Ice Cave |     13 |     13 |      0 |      0 |      0 |   1 |   13.0 |
               +--------+--------+--------+--------+--------+-----+--------+

Top non-repeatable levels by time:
     D:2: 1459 daAuts
  Lair:5: 1312 daAuts
     D:3: 1303 daAuts
     D:5: 1222 daAuts
    D:11: 1196 daAuts
  Lair:1: 1160 daAuts
    D:12: 1115 daAuts
  Lair:3: 1109 daAuts
     D:9: 1048 daAuts
    D:13: 972 daAuts
  Lair:2: 933 daAuts
     D:6: 928 daAuts
     D:1: 880 daAuts
     D:7: 858 daAuts
  Lair:4: 830 daAuts
